 Dungeon Crawl Stone Soup version 0.15-a0-1230-gf41e293 (webtiles) character file.

761 Quh the Charmwright (level 7, -1/47 HPs)
             Began as a High Elf Skald on June 3, 2014.
             Was a Follower of Okawaru.
             Slain by a wight
             ... wielding a +1,+2 short sword
              (10 damage)
             ... on Level 3 of the Dungeon.
             The game lasted 00:25:39 (5970 turns).

Quh the Charmwright (High Elf Skald)                Turns: 5970, Time: 00:25:39

HP  -1/47        AC  7     Str 11      XL: 7   Next: 51%
MP  13/19        EV 10     Int 18      God: Okawaru [*.....]
Gold 58          SH  7     Dex 15      Spells:  4 memorised,  5 levels left

rFire  . . .     SeeInvis .     F - +0 dagger (venom)
rCold  . . .     Clarity  .     h - +0 leather armour
rNeg   . . .     rCorr    .     q - +0 buckler
rPois  .         rRot     .     r - +0 helmet
rElec  .         Spirit   .     (no cloak)
SustAb .         Warding  .     D - +2 pair of gloves
rMut   .         Stasis   .     (no boots)
Gourm  .                        (no amulet)
MR     .....                    (no ring)
                                (no ring)

@: very slightly contaminated, heavily drained, not resistant to hostile
enchantments, very unstealthy
A: no striking features
a: Heroism, Renounce Religion


You were on level 3 of the Dungeon.
You worshipped Okawaru.
Okawaru was aware of your devotion.
You were very hungry.

You visited 2 branches of the dungeon, and saw 6 of its levels.

You collected 163 gold pieces.
You spent 105 gold pieces at shops.

Inventory:

Hand weapons
 a - a +0,+0 short sword
 v - a +0,+4 vampiric dagger
 F - a +0,+0 dagger of venom (weapon)
Missiles
 b - 10 arrows of flame
 g - 5 javelins (quivered)
 o - 74 stones
 B - 4 tomahawks
Armour
 h - a +0 leather armour (worn)
 q - a +0 buckler (worn)
 r - a +0 helmet (worn)
 D - a +2 pair of gloves (worn)
Comestibles
 d - 3 bread rations
 A - a meat ration
Scrolls
 e - 6 scrolls of identify
 f - a scroll of enchant armour {unknown}
 i - a scroll of noise {unknown}
 k - 2 scrolls of remove curse
 n - a scroll of immolation {unknown}
 p - 2 scrolls of teleportation {unknown}
 t - 2 scrolls of enchant weapon II
 x - 2 scrolls of recharging {unknown}
 H - a scroll of fear {unknown}
 J - a scroll of fog
Potions
 j - 6 potions of curing
 l - a potion of heal wounds {unknown}
 m - a potion of haste {unknown}
 z - 3 potions of restore abilities {unknown}
 E - a potion of paralysis {unknown}
 G - a potion of agility
 I - a potion of might {unknown}
 L - a potion of lignification {unknown}
Books
 c - a book of Battle

   Spells                             Type                      Level
   *Infusion                          Charms                       1
   *Shroud of Golubria                Charms/Translocation         2
   *Song of Slaying                   Charms                       2
   Spectral Weapon                    Hexes/Charms                 3
   *Regeneration                      Charms/Necromancy            3


   Skills:
 + Level 3.8(2.6) Fighting
 * Level 5.7(4.4) Short Blades
 - Level 0.8(0.0) Armour
 + Level 3.5(2.3) Dodging
 + Level 3.8(2.5) Spellcasting
 * Level 6.6(5.3) Charms


You had 5 spell levels left.
You knew the following spells:

 Your Spells              Type           Power        Failure   Level  Hunger
a - Infusion              Chrm           ###...       4%          1    #......
b - Shroud of Golubria    Chrm/Tloc      ##........   17%         2    ##.....
c - Song of Slaying       Chrm           ###.....     8%          2    ##.....
d - Regeneration          Chrm/Necr      ##........   34%         3    ###....


Dungeon Overview and Level Annotations

Branches:
Dungeon (5/15)             Temple (1/1) D:4

Altars:
Ashenzari
Cheibriados
Elyvilon
Fedhas
Gozag
Kikubaaqudgha
Makhleb
Okawaru
Trog
Xom
The Shining One

Shops:
D:4 ?


Message History

Confirm with . or Enter, or press ? or * to list all spells.
Space distorts slightly along a thin shroud covering your body.
The giant newt hisses menacingly.
The giant newt bites you but does no damage.
You closely miss the giant newt. The giant newt barely misses you.
You miss the giant newt. The giant newt barely misses you.
You hit the giant newt.
You kill the giant newt!
Okawaru accepts your kill.
A wight comes into view. It is wielding a short sword.
You see here a giant newt corpse.
The wight hits you with a short sword!
You stop butchering the corpse.
* * * LOW HITPOINT WARNING * * *
You feel drained.
* * * LOW HITPOINT WARNING * * *
Your shroud falls apart!
Eat which item? (? for menu, Esc to quit)
Okay, then.
The wight hits you with a short sword!
You die...

.#. #.....)..........#######.###
.#.# #..............#.# #.... .#.
##......).......#.# #....
.........####)#.###.#.#######....
.#.###... ###...# #.#............
.#.###...##.....# .#....####....
..)...... #.....# #.#....# #....
.#.###..# #.....###.#....# #....
........#####...@z%.....(# #....
.#.###.##...##..###.##...# #.###
......##.....##.###.##...## #.###
.#...##...... #...........# #....
.#........_...#.......###.###.###
.#....#...... #........).........
......##.... #.....#.####..#.##.
###.%#.##... #..................
#..#..# #####.......####..####.


You could see a wight.

Vanquished Creatures
  The ghost of onwiheg the Carver, an experienced HOFi (D:4)
  2 ogres (D:4)
  3 wights (D:3)
  4 gnolls
  3 adders
  A worm (D:2)
  An iguana skeleton (D:4)
  2 giant geckos
  An ooze (D:1)
  An orc (D:3)
  7 giant cockroaches
  6 goblins
  9 hobgoblins
  15 jackals
  13 kobolds
  A ball python (D:2)
  15 bats
  6 giant newts
  A kobold skeleton (D:4)
  3 quokkas
  14 rats
109 creatures vanquished.

Vanquished Creatures (others)
  A giant spore (D:4)
1 creature vanquished.

Grand Total: 110 creatures vanquished

Notes
Turn   | Place    | Note
--------------------------------------------------------------
     0 | D:1      | Quh, the High Elf Skald, began the quest for the Orb.
     0 | D:1      | Reached XP level 1. HP: 14/14 MP: 4/4
   451 | D:1      | Reached XP level 2. HP: 17/19 MP: 0/6
   473 | D:1      | Learned a level 2 spell: Shroud of Golubria
   476 | D:1      | Learned a level 2 spell: Song of Slaying
   589 | D:1      | Reached skill level 4 in Charms
   948 | D:1      | Reached XP level 3. HP: 25/25 MP: 8/8
  1540 | D:1      | HP: 1/25 [gnoll/club (2)]
  1609 | D:1      | HP: 1/25 [gnoll/club (5)]
  1938 | D:2      | Reached XP level 4. HP: 28/30 MP: 11/11
  1962 | D:2      | Found a white marble altar of Elyvilon.
  2404 | D:2      | Noticed a moth of wrath
  2407 | D:2      | Found a bloodstained altar of Trog.
  3154 | D:3      | Learned a level 3 spell: Regeneration
  3378 | D:3      | Reached skill level 5 in Charms
  3702 | D:3      | Reached XP level 5. HP: 36/36 MP: 9/13
  3741 | D:3      | Found a glowing drain.
  3901 | D:3      | Found a glowing golden altar of the Shining One.
  4009 | D:3      | HP: 1/36 [wight/long sword (4)]
  4363 | D:4      | Found Hiahedop's Magic Scroll Shop.
  4366 | D:4      | Bought a scroll of enchant weapon II for 77 gold pieces
  4366 | D:4      | Bought a scroll of fog for 28 gold pieces
  4511 | D:4      | Found a staircase to the Ecumenical Temple.
  4527 | Temple   | Entered the Ecumenical Temple
  4570 | Temple   | Became a worshipper of Warmaster Okawaru
  5118 | D:4      | Noticed an ogre
  5126 | D:4      | Killed an ogre
  5219 | D:4      | Noticed an ogre
  5235 | D:4      | Killed an ogre
  5235 | D:4      | Reached XP level 6. HP: 30/42 MP: 12/17
  5370 | D:4      | Noticed onwiheg's ghost (experienced HOFi)
  5464 | D:4      | Killed onwiheg's ghost
  5464 | D:4      | Acquired Okawaru's first power
  5464 | D:4      | Reached skill level 5 in Short Blades
  5464 | D:4      | Reached skill level 6 in Charms
  5464 | D:4      | Reached XP level 7. HP: 15/46 MP: 0/19
  5783 | D:5      | Entered Level 5 of the Dungeon
  5970 | D:3      | Slain by a wight

Action                   |  1- 3 |  4- 6 |  7- 9 || total
-------------------------+-------+-------+-------++-------
Melee: Short sword       |   135 |    44 |       ||   179
       Dagger            |       |   283 |    48 ||   331
Throw: Javelin           |       |     8 |    12 ||    20
 Cast: Infusion          |    10 |    18 |     3 ||    31
       Shroud of Golubri |     5 |    12 |     5 ||    22
       Song of Slaying   |       |     5 |       ||     5
  Use: Scroll            |       |     2 |       ||     2
       Potion            |       |       |     1 ||     1
 Stab: Sleeping          |     1 |     1 |       ||     2
